 Dungeon Crawl Stone Soup version 0.20-a0-465-g6513c8f (webtiles) character file.

447 dobroeutro the Cudgeler (level 7, 0/42 HPs)
             Began as a Gargoyle Fighter on Jan 12, 2017.
             Slain by a gnoll
             ... wielding a +0 halberd
              (6 damage)
             ... on level 3 of the Dungeon.
             The game lasted 00:03:41 (1770 turns).

dobroeutro the Cudgeler (Gargoyle Fighter)          Turns: 1770, Time: 00:03:42

Health: 0/42       AC: 13    Str: 21    XL:     7   Next: 3%
Magic:  7/7        EV:  8    Int:  8    God:
Gold:   114        SH:  9    Dex: 10    Spells: 6/6 levels left

rFire  + . .     SeeInvis .     t - +1 whip (drain)
rCold  + . .     Gourm    .     b - +0 scale mail
rNeg   + . .     Faith    .     c - +0 shield
rPois  ∞         Spirit   .     j - +0 helmet (curse)
rElec  +         Reflect  .     (no cloak)
rCorr  .         Harm     .     (no gloves)
MR     .....                    (no boots)
Stlth  ..........               p - amulet of rage
                                o - ring of protection from cold
                                h - ring of protection from fire

@: no status effects
A: negative energy resistance 1, electricity resistance, unbreathing,
petrification resistance, rot immunity, AC +4
a: Evoke Berserk Rage


You were on level 3 of the Dungeon.
You were hungry.

You visited 1 branch of the dungeon, and saw 3 of its levels.

You collected 114 gold pieces.

Inventory:

Hand Weapons
 a - a +0 flail
 t - a +1 whip of draining (weapon)
Armour
 b - a +0 scale mail (worn)
 c - a +0 shield (worn)
 j - a cursed +0 helmet (worn)
Jewellery
 h - a ring of protection from fire (left hand)
 o - a ring of protection from cold (right hand)
 p - an amulet of rage (around neck)
Scrolls
 i - a scroll of remove curse {unknown}
 n - 2 scrolls of recharging {unknown}
 q - a scroll of identify {unknown}
 r - 2 scrolls of enchant armour {unknown}
 u - a scroll of blinking {unknown}
 w - a scroll of enchant weapon {unknown}
Potions
 d - 2 potions of might
 e - 3 potions of flight {unknown}
 g - 2 potions of invisibility
 k - 2 potions of magic {unknown}
 m - a potion of lignification {unknown}
 v - a potion of haste {unknown}
Comestibles
 f - 2 bread rations
 l - a slice of pizza


   Skills:
 - Level 3.8 Fighting
 + Level 5.8 Maces & Flails
 - Level 4.1 Armour
 - Level 1.4 Dodging
 - Level 0.2 Stealth
 - Level 4.1 Shields


You had 6 spell levels left.
You didn't know any spells.

Dungeon Overview and Level Annotations

Branches:
Dungeon (3/15)

Altars:
The Shining One


Innate Abilities, Weirdness & Mutations

You are resistant to torment.
Your stone body is resilient. (AC +4)
You are immune to poison.
You resist negative energy. (rN+)
You are resistant to electric shocks. (rElec)
You can survive without breathing.
You are immune to petrification.
You are immune to rotting.


Message History

The gnoll is moderately wounded.
The gnoll hits you but does no damage.
All of the chunks of flesh in your inventory have rotted away.
You block the gnoll's attack.
You hear the rusting of a very distant drain.
You block the gnoll's attack. The gnoll hits you but does no damage.
You block the gnoll's attack.
You hit the gnoll but do no damage. You drain the gnoll!
The gnoll is heavily wounded.
You barely miss the gnoll.
The gnoll is heavily wounded.
The gnoll hits you with a halberd.
* * * LOW HITPOINT WARNING * * *
The gnoll hits you from afar with a halberd.
* * * LOW HITPOINT WARNING * * *
You hit the gnoll.
The gnoll is severely wounded.
The gnoll barely misses you.
The gnoll hits you from afar with a halberd.
You die...

...#.)## ...#.)#
...#..## ...#...#
.......#############
......>'...........#
.......###########.#
.......#.........#.#
......)'.#######@#.#
......)#########g#.#
.............g..g#.#
.......###########.#
######## #.#
##################.#
...................#
####################


You could see 2 gnolls.

Vanquished Creatures
  Sigmund (D:2)
  A gnoll shaman (D:3)
  Jessica (D:3)
  Ijyb (D:2)
  Terence (D:2)
  Robin (D:3)
  5 gnolls
  2 adders
  2 oozes (D:3)
  3 worms (D:2)
  2 dart slugs
  A ball python (D:3)
  7 bats
  2 giant cockroaches
  18 goblins
  9 hobgoblins
  11 jackals
  4 kobolds
  A frilled lizard (D:1)
  8 rats
81 creatures vanquished.

Notes
Turn   | Place    | Note
-------+----------+-------------------------------------------
     0 | D:1      | dobroeutro the Gargoyle Fighter began the quest for the Orb.
     0 | D:1      | Reached XP level 1. HP: 14/14 MP: 1/1
    78 | D:1      | Reached XP level 2. HP: 12/19 MP: 2/2
   259 | D:1      | Reached XP level 3. HP: 10/24 MP: 3/3
   798 | D:2      | Noticed Sigmund
   810 | D:2      | Killed Sigmund
   810 | D:2      | Reached skill level 4 in Maces & Flails
   810 | D:2      | Reached skill level 1 in Dodging
   810 | D:2      | Reached XP level 4. HP: 25/29 MP: 4/4
   810 | D:2      | Reached XP level 5. HP: 29/33 MP: 5/5
   866 | D:2      | Noticed Ijyb
   889 | D:2      | Killed Ijyb
   889 | D:2      | Reached XP level 6. HP: 38/38 MP: 6/6
  1108 | D:2      | Noticed Terence
  1116 | D:2      | Killed Terence
  1187 | D:2      | Found a glowing golden altar of the Shining One.
  1505 | D:3      | Noticed Robin
  1519 | D:3      | Reached skill level 5 in Maces & Flails
  1547 | D:3      | Killed Robin
  1580 | D:3      | Noticed Jessica
  1584 | D:3      | Killed Jessica
  1749 | D:3      | Reached XP level 7. HP: 14/42 MP: 7/7
  1770 | D:3      | Slain by a gnoll

Vault maps used:
D:1:      dpeg_arrival_pond, kennysheep_doodads
D:2:      tso_altar, uniq_terence, uniq_iyjb, uniq_sigmund
D:3:      first_bread, gup_sewer_entry_glass, minmay_misc_feat_pillars,
          grunt_decor_mini_mirrors, uniq_robin, uniq_jessica

Skill      XL: |  1  2  3  4  5  6 |
---------------+-------------------+-----
Maces & Flails | 4 5 |  5.8
Armour         | 4 |  4.1
Dodging        | 1 |  1.4
Shields        | 4 |  4.1
Fighting       | |  3.8
Stealth        | |  0.2

Action                   |  1- 3 |  4- 6 |  7- 9 || total
-------------------------+-------+-------+-------++-------
Melee: Flail             |   159 |    82 |       ||   241
       Whip              |       |   101 |     7 ||   108
  Eat: Chunk             |       |     3 |       ||     3
Armor: Scale mail        |    80 |    78 |     3 ||   161
Dodge: Dodged            |    56 |    51 |     2 ||   109
Block: Shield            |    85 |    92 |     3 ||   180
